 Dungeon Sprint DCSS version 0.23.0-3-gf3c87f2 (webtiles) character file.

Game seed: 12810389484188458112

2369 nuthulu the Arsonist (level 9, -9/45 HPs)
             Began as a Gargoyle Fire Elementalist on Feb 20, 2019.
             Was the Champion of Vehumet.
             Mangled by a merfolk
             ... wielding a +1 halberd of protection
              (10 damage)
             ... in the Dungeon (Sprint V: "Ziggurat Sprint").
             The game lasted 00:04:32 (781 turns).

nuthulu the Arsonist (Gargoyle Fire Elementalist)    Turns: 781, Time: 00:04:33

Health: -9/45      AC: 12    Str: 23    XL:     9   Next: 44%
Magic:  11/23      EV:  4    Int: 18    God:    Vehumet [******]
Gold:   0          SH: 26    Dex: 16    Spells: 17/29 levels left

rFire    . . .     SeeInvis .   E - +6 shillelagh "Devastator" {shatter}
rCold    . . .     Gourm    .   D - +18 shield of the Gong {rElec rN+ MR+ EV-5}
rNeg     + + +     Faith    .   F - +1 leather armour "Poesovix" {rN++ Str+4}
rPois    ∞         Spirit   .   (no helmet)
rElec    +         Reflect  .   (no cloak)
rCorr    .         Harm     .   (no gloves)
MR       +....     NoTele   +   l - +1 pair of boots {Stlth+}
Stlth    +++.......             (no amulet)
HPRegen  0.15/turn              x - +6 ring of dexterity
MPRegen  0.18/turn              B - +6 ring of strength

@: no status effects
A: negative energy resistance 1, electricity resistance, unbreathing,
petrification resistance, rot immunity, AC +6
a: Renounce Religion


You were in the Dungeon.
You worshipped Vehumet.
Vehumet was exalted by your worship.
You were not hungry.

You visited 1 branch

Inventory:

Hand Weapons
 E - the +6 shillelagh "Devastator" (weapon) {shatter}
   (You found it in the Dungeon)
Armour
 l - a +1 pair of boots of stealth (worn)
 D - the +18 shield of the Gong (worn) {rElec rN+ MR+ EV-5}
   (You found it in the Dungeon)

   It affects your evasion (-5).
   It insulates you from electricity.
   It protects you from negative energy.
   It affects your resistance to hostile enchantments.
 F - the +1 leather armour "Poesovix" (worn) {rN++ Str+4}
   (You found it in the Dungeon)

   It affects your strength (+4).
   It greatly protects you from negative energy.
Jewellery
 a - a +5 ring of dexterity
 x - a +6 ring of dexterity (left hand)
 y - a +6 ring of dexterity
 z - a +6 ring of intelligence
 A - a +6 ring of intelligence
 B - a +6 ring of strength (right hand)
 C - a +6 ring of strength
Wands
 u - a wand of disintegration (7)
 v - a wand of iceblast (7)
 w - a wand of acid (7)
Scrolls
 i - 4 scrolls of blinking
 o - 4 scrolls of amnesia
 p - 7 scrolls of fog
 q - a scroll of holy word
 r - 5 scrolls of identify
 s - 5 scrolls of remove curse
 t - 2 scrolls of fear
Potions
 b - 2 potions of brilliance
 d - 10 potions of curing
 e - 10 potions of heal wounds
 f - 6 potions of haste
 g - 7 potions of magic
 h - 2 potions of berserk rage
 j - 2 potions of invisibility
 k - 4 potions of resistance
 m - 6 potions of agility
 n - 4 potions of might
Comestibles
 c - 6 rations


   Skills:
 - Level 1.5 Dodging
 - Level 2.1 Stealth
 + Level 10.8 Spellcasting
 + Level 12.4 Conjurations
 + Level 13.5 Fire Magic


You had 17 spell levels left.
You knew the following spells:

 Your Spells              Type           Power        Failure   Level  Hunger
a - Flame Tongue          Conj/Fire      #####        1%          1    None
b - Fireball              Conj/Fire      ######....   2%          5    #####..
c - Bolt of Fire          Conj/Fire      ######....   12%         6    ######.

Your spell library contained the following spells:

 Spells                   Type           Power        Failure   Level  Hunger
 Throw Icicle             Conj/Ice       ####....     13%         4    ##.....
 Throw Flame              Conj/Fire      ######       1%          2    None
 Conjure Flame            Conj/Fire      ######..     1%          3    None
 Sticky Flame             Conj/Fire      ######..     1%          4    ##.....
 Inner Flame              Hex/Fire       ####....     3%          3    None
 Cause Fear               Hex            #.........   99%         4    ##.....
 Dragon Form              Tmut           #.........   100%        7    #######
 Dragon's Call            Summ           #.........   100%        9    #######


Dungeon Overview and Level Annotations

Branches:
Dungeon (1/1)

Altars:
Ashenzari
Cheibriados
Dithmenos
Elyvilon
Fedhas
Gozag
Hepliaklqana
Kikubaaqudgha
Makhleb
Nemelex Xobeh
Okawaru
Qazlal
Ru
Sif Muna
Trog
Uskayaw
Vehumet
Wu Jian
Xom
Yredelemnul
Zin
The Shining One
Beogh
Jiyva
Lugonu

Annotations:
D 1 transporter


Innate Abilities, Weirdness & Mutations

You are resistant to torment.
Your stone body is resilient. (AC +6)
You are immune to poison.
You resist negative energy. (rN+)
You are resistant to electric shocks. (rElec)
You can survive without breathing.
You are immune to petrification.
You are immune to rotting.


Message History

You sock the cyclops!
The cyclops, the hippogriff and the merfolk shudder.
The cyclops is severely wounded.
The merfolk is severely wounded.
The cyclops is severely wounded.
You block the hippogriff's attack.
GONNNNG!
The hippogriff pecks you but does no damage.
You block the hippogriff's attack.
BONNNG!
The merfolk hits you from afar with a +1 halberd of protection!
* * * LOW HITPOINT WARNING * * *
The merfolk hits you but does no damage.
The cyclops hits you but does no damage.
You block the hippogriff's attack.
BOUMMMMG!
You block the hippogriff's attack.
GONNNNG!
The hippogriff barely misses you.
The merfolk hits you from afar with a +1 halberd of protection!
You die...

▓▓▓▓▓▓▓▓▓▓▓▓▓▓▓▓▓▓▓
▓...8©8...▓..8©8..▓
▓....|)...▓..}.[..▓
▓...[.)...▓..))}..▓
▓.........▓.......▓
▓....†....▓..†)...▓
▓..m)m....▓...)...▓
▓....CH...▓.......▓
▓.▓..@..▓.▓.▓.†.▓.▓
▓....©....▓...©...▓
▓▓▓▓▓▓▓▓▓▓▓▓▓▓▓▓▓▓▓
▓..8©8..▓ ▓..†)|..▓
▓..[)}..▓ ▓....†..▓
▓.......▓ ▓.......▓


You could see 2 merfolk, a cyclops and a hippogriff.

Vanquished Creatures
  A naga mage (D)
  2 merfolk (D)
  A hippogriff (D)
  A yak (D)
  2 nagas (D)
  3 water moccasins (D)
  3 phantoms (D)
  2 wolves (D)
  2 necrophages (D)
  2 crimson imps (D)
  A quasit (D)
  An iguana (D)
  2 adders (D)
  A river rat (D)
  A white imp (D)
  An adder skeleton (D)
  A bat zombie (D)
  4 ball pythons (D)
  A giant cockroach zombie (D)
  A leopard gecko skeleton (D)
33 creatures vanquished.

Notes
Turn   | Place    | Note
-------+----------+-------------------------------------------
     0 | D        | Found the +6 Majin-Bo {vamp, Archmagi MP+6 Int+6}
     0 | D        | Found the +7 great mace "Firestarter" {inner flame, rF++}
     0 | D        | nuthulu the Gargoyle Fire Elementalist began the quest for
                  | the Orb.
     0 | D        | Reached XP level 1. HP: 10/10 MP: 3/3
     0 | D        | Found a deep blue altar of Sif Muna.
     0 | D        | Found a sacrificial altar of Ru.
     0 | D        | Found a bloodstained altar of Trog.
     0 | D        | Found a stormy altar of Qazlal.
     0 | D        | Found an iron altar of Okawaru.
     0 | D        | Found a sparkling altar of Nemelex Xobeh.
     0 | D        | Found a blossoming altar of Fedhas.
     2 | D        | Found a transporter.
     2 | D        | Found an ancient bone altar of Kikubaaqudgha.
     2 | D        | Found a viscous altar of Jiyva.
     2 | D        | Found a corrupted altar of Lugonu.
     2 | D        | Found a hazy altar of Hepliaklqana.
     2 | D        | Found a burning altar of Makhleb.
     2 | D        | Found an opulent altar of Gozag.
    22 | D        | Found the +9 heavy crossbow "Sniper" {velocity, Acc+∞ SInv}
    22 | D        | Found the +10 dark maul {crush}
    22 | D        | Found the +15 Maxwell's patent armour {-Cast -Tele rElec
                  | MR+ rCorr}
    22 | D        | Found the +18 shield of the Gong {rElec rN+ MR+ EV-5}
    22 | D        | Found the cursed +14 obsidian axe {chop, +Fly SInv *Curse}
    24 | D        | Found the +6 shillelagh "Devastator" {shatter}
    24 | D        | Found the +11 plutonium sword {*Contam Stlth-}
    24 | D        | Found the +8 lance "Wyrmbane" {slay drac, rPois rF+ rC+
                  | AC+3}
    24 | D        | Found the +9 sword of Zonguldrok {reap}
    24 | D        | Found the cursed +13 scythe of Curses {drain, *Curse}
    24 | D        | Found the +0 sword of Power
    24 | D        | Found the +7 mace of Variability {chain chaos}
    24 | D        | Found the +7 Singing Sword {slice, sonic wave}
    24 | D        | Found the +7 longbow "Piercer" {penet, EV-2}
    43 | D        | Reached skill level 8 in Fire Magic
    43 | D        | Reached XP level 2. HP: 15/15 MP: 5/5
    58 | D        | Became a worshipper of Vehumet
    71 | D        | Entered arena 2.
    71 | D        | Noticed a yak
    71 | D        | Found a transporter.
    77 | D        | Killed a yak
    77 | D        | Reached skill level 5 in Conjurations
    77 | D        | Reached skill level 9 in Fire Magic
    77 | D        | Reached XP level 3. HP: 19/19 MP: 6/9
    77 | D        | Reached XP level 4. HP: 24/24 MP: 6/10
    77 | D        | Reached XP level 5. HP: 28/28 MP: 7/12
   111 | D        | Learned a level 5 spell: Fireball
   165 | D        | Entered arena 3.
   165 | D        | Noticed a wolf
   165 | D        | Noticed a wolf
   165 | D        | Found a transporter.
   170 | D        | Killed a wolf
   170 | D        | Reached * piety under Vehumet
   170 | D        | Offered knowledge of Shock by Vehumet.
   170 | D        | Reached skill level 5 in Spellcasting
   170 | D        | Reached skill level 10 in Fire Magic
   170 | D        | Reached XP level 6. HP: 7/32 MP: 12/14
   372 | D        | Learned a level 6 spell: Bolt of Fire
   420 | D        | Entered arena 4.
   420 | D        | Found a transporter.
   423 | D        | Offered knowledge of Sting by Vehumet.
   424 | D        | Reached ** piety under Vehumet
   426 | D        | Reached XP level 7. HP: 35/36 MP: 15/17
   432 | D        | Got the +1 leather armour "Poesovix" {rN++ Str+4}
   450 | D        | Entered arena 5.
   450 | D        | Found a transporter.
   451 | D        | Found the +6 arbalest "Damnation" {damnation}
   456 | D        | Reached *** piety under Vehumet
   456 | D        | Reached skill level 11 in Fire Magic
   594 | D        | Entered arena 6.
   594 | D        | Found a transporter.
   595 | D        | Offered knowledge of Static Discharge by Vehumet.
   595 | D        | Reached **** piety under Vehumet
   601 | D        | Reached ***** piety under Vehumet
   601 | D        | Reached XP level 8. HP: 41/41 MP: 16/20
   627 | D        | Entered arena 7.
   630 | D        | Reached skill level 10 in Conjurations
   630 | D        | Reached skill level 12 in Fire Magic
   635 | D        | Found a transporter.
   665 | D        | Entered arena 8.
   665 | D        | Noticed a naga mage
   667 | D        | Reached ****** piety under Vehumet
   668 | D        | Killed a naga mage
   668 | D        | Reached skill level 10 in Spellcasting
   668 | D        | Reached skill level 13 in Fire Magic
   668 | D        | Reached XP level 9. HP: 45/45 MP: 4/23
   669 | D        | Found a transporter.
   772 | D        | Entered arena 9.
   772 | D        | Noticed a merfolk
   772 | D        | Noticed a merfolk
   772 | D        | Noticed a cyclops
   772 | D        | Noticed a merfolk
   772 | D        | Noticed a merfolk
   775 | D        | Offered knowledge of Throw Icicle by Vehumet.
   777 | D        | Found a transporter.
   780 | D        | Killed a merfolk
   780 | D        | Killed a merfolk
   781 | D        | HP: 1/45 [merfolk/+1 halberd of protection (10)]
   781 | D        | Mangled by a merfolk

Skill      XL: |  1  2  3  4  5  6  7  8  9 |
---------------+----------------------------+-----
Fire Magic     | 8 9 10 11 13 | 13.5
Spellcasting   | 4 5 7 8 10 | 10.8
Conjurations   | 5 6 8 9 11 12 | 12.4
Dodging        | |  1.5
Stealth        | |  2.1

Action                   |  1- 3 |  4- 6 |  7- 9 || total
-------------------------+-------+-------+-------++-------
Melee: Shillelagh        |     4 |     6 |    31 ||    41
 Cast: Fireball          |       |       |    11 ||    11
       Flame Tongue      |       |       |     4 ||     4
       Bolt of Fire      |       |       |     1 ||     1
  Use: Potion            |     3 |       |       ||     3
  Eat: Ration            |       |       |     1 ||     1
Armor: Robe              |       |     2 |       ||     2
       Leather armour    |       |       |    12 ||    12
Dodge: Dodged            |       |       |     2 ||     2
Block: Shield            |     6 |    11 |    50 ||    67
